 Dungeon Crawl Stone Soup version 0.29.1-1-gd02db69 (webtiles) character file.

Game seed: 17658237614511342352

38833 Timinator the Martial Artist (level 13, -6/111 HPs)
             Began as a Demigod Transmuter on Jan 21, 2023.
             Mangled by a hellephant (8 damage)
             ... on level 4 of the Abyss.
             The game lasted 01:03:12 (20067 turns).

Timinator the Martial Artist (Demigod Transmuter)  Turns: 20067, Time: 01:03:15

Health: -6/111     AC: 16    Str: 19    XL:     13   Next: 32%
Magic:  24/24      EV: 24    Int: 15    God:
Gold:   725        SH:  5    Dex: 22    Spells: 15/22 levels left

rFire   + . .      SeeInvis .     - Unarmed
rCold   . . .      Faith    .   (no shield)
rNeg    . . .      Spirit   .   C - +0 ring mail {rF+}
rPois   .          Reflect  +   f - +2 hat {Will+}
rElec   .          Harm     .   E - +0 cloak {Stlth+}
rCorr   .          Rampage  .   p - +1 pair of gloves
Will    ++...                   G - +0 pair of boots
Stlth   ++........              V - amulet of reflection
HPRegen 0.28/turn               i - +4 ring of protection
MPRegen 0.19/turn               T - +4 ring of evasion

@: on berserk cooldown
A: high MP 1, forlorn, divine attributes
a: no special abilities


You were on level 4 of the Abyss.
You visited 2 branches of the dungeon, and saw 14 of its levels.
You visited the Abyss 1 time.
You also visited: Sewer.

You collected 942 gold pieces.
You spent 217 gold pieces at shops.

Inventory:

Missiles
 e - 35 poisoned darts (quivered)
 j - a throwing net
 w - a curare-tipped dart
 J - 6 javelins
 P - 6 atropa-tipped darts
Armour
 f - a +2 hat of willpower (worn)
 p - a +1 pair of gloves (worn)
 v - a +3 leather armour of willpower
 y - a +2 helmet
 C - a +0 ring mail of fire resistance (worn)
 E - a +0 cloak of stealth (worn)
 G - a +0 pair of boots (worn)
Jewellery
 i - a +4 ring of protection (left hand)
 T - a +4 ring of evasion (right hand)
 U - a ring of positive energy
 V - an amulet of reflection (around neck)
Wands
 d - a wand of flame (14)
 s - a wand of paralysis (13)
 t - a wand of digging (4)
 A - a wand of roots (29)
 K - a wand of polymorph (7)
 Q - a wand of mindburst (6)
Scrolls
 a - 5 scrolls of magic mapping
 b - 3 scrolls of teleportation
 c - 4 scrolls of blinking
 g - a scroll of brand weapon
 k - 4 scrolls of fog
 l - a scroll of poison
 n - 4 scrolls of vulnerability
 o - 2 scrolls of summoning
 z - 2 scrolls of fear
 B - 2 scrolls of enchant weapon
 F - 2 scrolls of enchant armour
 I - a scroll of acquirement {unknown}
 L - 3 scrolls of amnesia
 R - a scroll of immolation {unknown}
Potions
 h - a potion of brilliance
 m - 3 potions of flight
 q - 8 potions of curing
 r - 3 potions of attraction
 u - 2 potions of haste
 x - a potion of invisibility
 H - 2 potions of cancellation
 N - 2 potions of might
 O - 2 potions of mutation {unknown}
 S - 2 potions of berserk rage
 W - a potion of magic {unknown}


   Skills:
 + Level 9.2 Fighting
 + Level 4.5 Throwing
 - Level 3.0 Armour
 + Level 12.2 Dodging
 * Level 13.2 Unarmed Combat
 - Level 5.0 Spellcasting
 + Level 9.4 Transmutations
 - Level 3.0 Ice Magic


You had 15 spell levels left.
You knew the following spells:

 Your Spells              Type           Power      Damage    Failure   Level
a - Beastly Appendage     Tmut           64%        N/A       1%          1
b - Wereblood             Tmut           32%        N/A       1%          2
c - Ice Form              Ice/Tmut       22%        N/A       22%         4

Your spell library contained the following spells:

 Spells                   Type           Power      Damage    Failure   Level
 Spider Form              Tmut/Pois      17%        N/A       12%         3
 Ensorcelled Hibernation  Hex/Ice        16%        N/A       22%         2
 Petrify                  Tmut/Erth      17%        N/A       36%         4
 Gell's Gravitas          Tloc           3%         N/A       63%         3
 Teleport Other           Tloc           3%         N/A       63%         3
 Alistair's Intoxication  Tmut/Pois      11%        N/A       73%         5
 Anguish                  Hex/Necr       1%         N/A       95%         4
 Metabolic Englaciation   Hex/Ice        4%         N/A       99%         5
 Eringya's Noxious Bog    Tmut/Pois      8%         N/A       99%         6
 Statue Form              Tmut/Erth      11%        N/A       99%         6
 Borgnjor's Vile Clutch   Necr/Erth      1%         N/A       100%        5
 Fireball                 Conj/Fire      1%         3d3       100%        5
 Iskenderun's Battlesphe  Conj           3%         2d6       100%        5
 Conjure Ball Lightning   Conj/Air       1%         3x3d6     100%        6
 Dispersal                Tloc           1%         N/A       100%        6
 Orb of Destruction       Conj           1%         9d5       100%        7
 Chain Lightning          Conj/Air       1%         3d2       100%        9
 Fire Storm               Conj/Fire      1%         8d1       100%        9
 Shatter                  Erth           1%         3d6*      100%        9


Dungeon Overview and Level Annotations

Branches:
Dungeon (10/15)            Temple (0/1) D:7            Lair (4/5) D:8
  Swamp (0/4) Lair:2       Spider (0/4) Lair:3          Orc (0/2) D:10
  Sewer (visited)
  Slime: Lair:4-5

Shops:
D:2 (   D:3 !   D:4 *   D:5 [

Annotations:
Lair:4 Sonja


Innate Abilities, Weirdness & Mutations

You have an increased reservoir of magic. (+10% MP)
You shall have no god before yourself.
Your divine heritage dramatically boosts your attributes as you level up.


Message History

You hit the hellephant.
The hellephant is lightly wounded.
You hit the hellephant.
The hellephant is lightly wounded.
The hellephant completely misses you.
The hellephant bites you but does no damage.
The hellephant gores you but does no damage.
You pummel the hellephant!!
The hellephant is lightly wounded.
The hellephant tramples you but does no damage.
The hellephant bites you but does no damage.
The hellephant barely misses you.
You punch the hellephant!
The hellephant is moderately wounded.
You barely miss the hellephant.
The hellephant is moderately wounded.
You block the hellephant's attack. The hellephant completely misses you.
The hellephant gores you.
* * * LOW HITPOINT WARNING * * *
You punch the hellephant!
The hellephant is moderately wounded.
You closely miss the hellephant.
The hellephant is moderately wounded.
The hellephant blinks!
A fire bat comes into view.
You feel a strong urge to attack something.
You are no longer berserk.
You are exhausted.
You feel yourself slow down. The fire bat misses you.
The hellephant tramples you.
* * * LOW HITPOINT WARNING * * *
You stumble backwards!
Your magical effects are unravelling.
You feel magically purged.
You feel yourself speed up.
You feel a little less mighty now.
You feel your health improve. The hellephant tramples you.
* * * LOW HITPOINT WARNING * * *
You hold your ground!
The hellephant misses you. The hellephant gores you!
You die...

# . # .
...# #..
### ...
.####@##
##..#
#.x.##Y#
.... .
.#.## # #
#..#b.#..##
### ##..#.#
##..## #.#
# # Y ##


You could see a hellephant.

Vanquished Creatures
  Gastronok (D:8)
  2 tentacled starspawn (Abyss:3)
  3 two-headed ogres
  A catoblepas (Lair:2)
  Erica (D:8)
  3 death yaks
  3 thrashing horrors (Abyss:4)
  Pikel (D:5)
  5 elephants (Lair:2)
  2 black mambas
  A rust devil (Abyss:3)
  7 cane toads
  2 rime drakes (Lair:1)
  A kobold demonologist (D:10)
  An ancient zyme (Abyss:4)
  11 komodo dragons
  A troll (D:9)
  Grinder (D:5)
  A polar bear (Lair:3)
  2 tyrant leeches (Lair:2)
  Prince Ribbit (D:5)
  A raiju (Abyss:3)
  16 blink frogs
  A jumping spider (Lair:3)
  3 small abominations
  Sigmund (D:6)
  2 shadows (D:10)
  5 wyverns
  A vampire (D:10)
  A wraith (D:5)
  2 basilisks (Lair:3)
  A steam dragon (D:8)
  33 yaks
  An acid dragon (D:5)
  12 water moccasins
  Duvessa (D:5)
  3 large abominations
  3 black bears
  4 orc warriors
  Pargi (Sewer)
  3 ice beasts
  2 sky beasts (D:7)
  3 ogres
  9 wolves
  4 centaurs
  A lemure (D:5)
  3 phantoms
  Blork the orc (D:5)
  6 kobold brigands
  4 necrophages
  19 bullfrogs
  2 gnoll sergeants
  3 scorpions
  9 wights
  Dowan (D:5)
  8 killer bees
  4 howler monkeys (D:10)
  An electric eel (Lair:2)
  3 jellies
  A hound (D:5)
  A gnoll bouda (D:4)
  2 orc priests (D:7)
  2 iguanas
  Crazy Yiuf (D:7)
  4 orc wizards
  23 gnolls
  8 adders
  4 ufetubi
  2 dart slugs
  19 orcs
  5 ball pythons
  2 endoplasms (D:1)
  4 giant cockroaches
  9 goblins
  A hobgoblin (D:2)
  2 jackals (D:3)
  23 kobolds
  6 quokkas
  6 bats
  5 frilled lizards
  2 rats
  2 starspawn tentacles (Abyss:3)
363 creatures vanquished.

Vanquished Creatures (collateral kills)
  A wyvern (D:7)
  A yak (D:7)
2 creatures vanquished.

Vanquished Creatures (others)
  2 bushes (D:8)
  15 fungi
  A lurking horror (Abyss:3)
  31 plants
  8 starspawn tentacles (Abyss:3)
57 creatures vanquished.

Grand Total: 422 creatures vanquished

Notes
Turn   | Place    | Note
-------+----------+-------------------------------------------
     0 | D:1      | Timinator the Demigod Transmuter began the quest for the
                  | Orb.
     0 | D:1      | Reached XP level 1. HP: 15/15 MP: 5/5
   119 | D:1      | Reached skill level 1 in Fighting
   649 | D:1      | Reached XP level 2. HP: 23/23 MP: 5/7
   871 | D:1      | Learned a level 2 spell: Wereblood
  1099 | D:1      | Reached skill level 3 in Unarmed Combat
  1330 | D:2      | Reached XP level 3. HP: 20/28 MP: 6/9
  1771 | D:2      | Found Kessa's Weapon Shop.
  1929 | D:2      | Reached XP level 4. HP: 35/35 MP: 8/10
  2306 | D:3      | Reached skill level 1 in Armour
  2395 | D:3      | Found Toolaere's Distillery.
  2676 | D:3      | Reached XP level 5. HP: 40/40 MP: 8/12
  2955 | D:4      | Found a glowing drain.
  2965 | Sewer    | Entered a sewer
  3002 | Sewer    | Noticed Pargi
  3024 | Sewer    | Killed Pargi
  3508 | D:4      | Reached skill level 4 in Unarmed Combat
  3508 | D:4      | Reached XP level 6. HP: 46/49 MP: 11/13
  4043 | D:4      | Found Nebes's Lightly-Used Armoury.
  4282 | D:5      | Entered Level 5 of the Dungeon
  4282 | D:5      | Noticed Grinder
  4295 | D:5      | Paralysed by Grinder for 2 turns
  4305 | D:5      | Paralysed by Grinder for 4 turns
  4311 | D:5      | Killed Grinder
  4312 | D:5      | Reached XP level 7. HP: 56/56 MP: 14/14
  4412 | D:5      | Reached skill level 5 in Unarmed Combat
  4482 | D:5      | Noticed Prince Ribbit
  4506 | D:5      | Killed Prince Ribbit
  5239 | D:5      | Found Sapeff's Antique Armour Emporium.
  5240 | D:5      | Noticed Dowan
  5241 | D:5      | Noticed Duvessa
  5244 | D:5      | Noticed a wraith
  5247 | D:5      | Noticed Pikel
  5254 | D:5      | Killed Duvessa
  5255 | D:5      | Reached XP level 8. HP: 64/64 MP: 15/15
  5263 | D:5      | Reached skill level 1 in Throwing
  5274 | D:5      | Killed Pikel
  5275 | D:5      | Reached skill level 6 in Unarmed Combat
  5276 | D:5      | Killed Dowan
  5466 | D:5      | Noticed Blork the orc
  5477 | D:5      | Killed Blork the orc
  5967 | D:5      | Bought a pair of runed gloves for 217 gold pieces
  6273 | D:5      | Reached XP level 9. HP: 38/72 MP: 16/16
  6541 | D:6      | Reached skill level 7 in Unarmed Combat
  6692 | D:6      | Reached skill level 5 in Dodging
  6808 | D:6      | Noticed Sigmund
  6841 | D:6      | Killed Sigmund
  6842 | D:6      | Reached skill level 5 in Transmutations
  7524 | D:6      | Reached skill level 5 in Fighting
  8078 | D:7      | Reached skill level 8 in Unarmed Combat
  8101 | D:7      | Found a staircase to the Ecumenical Temple.
  8694 | D:7      | Found a runed translucent door.
  8695 | D:7      | Noticed Crazy Yiuf
  8701 | D:7      | Killed Crazy Yiuf
  8786 | D:7      | Learned a level 4 spell: Ice Form
  8984 | D:8      | Noticed a two-headed ogre
  8997 | D:8      | Killed a two-headed ogre
  8998 | D:8      | Reached skill level 1 in Ice Magic
  8998 | D:8      | Reached XP level 10. HP: 79/82 MP: 17/17
  9709 | D:7      | Reached skill level 9 in Unarmed Combat
  9958 | D:8      | Noticed Erica
  9994 | D:8      | Killed Erica
 10193 | D:8      | Noticed Gastronok
 10215 | D:8      | Killed Gastronok
 10937 | D:8      | Noticed a two-headed ogre
 10953 | D:8      | Killed a two-headed ogre
 10954 | D:8      | Reached XP level 11. HP: 49/91 MP: 15/19
 10965 | D:8      | Paralysed by a centaur for 5 turns
 11391 | D:8      | Found a staircase to the Lair.
 11904 | D:9      | Reached skill level 10 in Unarmed Combat
 13018 | D:10     | Entered Level 10 of the Dungeon
 13611 | D:10     | Noticed a two-headed ogre
 13622 | D:10     | Killed a two-headed ogre
 14149 | D:10     | Found a staircase to the Orcish Mines.
 14427 | Lair:1   | Entered Level 1 of the Lair of Beasts
 14718 | Lair:1   | Reached skill level 11 in Unarmed Combat
 15023 | Lair:1   | Reached skill level 10 in Dodging
 15302 | Lair:1   | Reached XP level 12. HP: 100/101 MP: 22/22
 15766 | Lair:1   | Reached skill level 5 in Spellcasting
 16645 | Lair:2   | Noticed a catoblepas
 16673 | Lair:2   | Killed a catoblepas
 16775 | Lair:2   | Reached skill level 12 in Unarmed Combat
 17994 | Lair:2   | Found a staircase to the Swamp.
 19016 | Lair:3   | Found a hole to the Spider Nest.
 19026 | Lair:3   | Reached XP level 13. HP: 110/110 MP: 21/24
 19465 | Lair:4   | Noticed Sonja
 19473 | Abyss:2  | Cast into level 2 of the Abyss (Sonja)
 19615 | Abyss:3  | Noticed a starcursed mass
 19615 | Abyss:3  | Noticed a lich
 19617 | Abyss:3  | Noticed a tentacled starspawn
 19625 | Abyss:3  | Paralysed by accursed screaming for 1 turns
 19697 | Abyss:3  | Noticed a bone dragon
 19823 | Abyss:3  | Noticed a tentacled starspawn
 19851 | Abyss:3  | Killed a tentacled starspawn
 19852 | Abyss:3  | Reached skill level 13 in Unarmed Combat
 19857 | Abyss:3  | Noticed a tentacled starspawn
 19868 | Abyss:3  | Killed a tentacled starspawn
 20032 | Abyss:4  | Noticed a hellephant
 20067 | Abyss:4  | HP: 2/111 [hellephant (5)]
 20067 | Abyss:4  | Mangled by a hellephant

Illustrated notes

Levels and vault maps discovered:
D:1:      saegor_arrival_simple_a, layout_loops_ring, basic_ecumenical_altar
D:2:      layout_basic, serial_shops, nicolae_shop_stone
D:3:      layout_basic, nicolae_uskayaw_dance_hall, serial_shops, shop,
          chequers_mini_garden
D:4:      layout_loops_corners, portal_sewer_entry_d, minmay_shop_damaged
D:5:      layout_basic, gammafunk_temple_overflow_pools, serial_shops, shop,
          nrook_uturn, minmay_manual_moon, uniq_grinder, uniq_blork_the_orc,
          uniq_duvessa, uniq_pikel, uniq_prince_ribbit1
D:6:      layout_loops_cross, chequers_avenue, chequers_serial_rivers_large_a,
          minmay_misc_feat_columns, bh_walls_and_bars, uniq_sigmund
D:7:      layout_loops_ring, minmay_temple_entry_grid, uniq_crazy_yiuf_cottage
D:8:      layout_cave_pods, mainiacjoe_overflow_small_starburst,
          minmay_lair_entry_grove, minmay_ruined_shrine, uniq_gastronok,
          uniq_erica
D:9:      layout_basic, kennysheep_small_circle
D:10:     layout_stronghold, orc_0_dummy, minmay_starry_boxes
Lair:1:   layout_small_grid, beast_lair_carwin_1
Lair:2:   layout_chaotic_city, minmay_swamp_entry_worms, beast_lair_carwin_7,
          serial_bayou_shore_a, lemuel_fruit_fields
Lair:3:   layout_long_grid, spider_nest_entry_rubble, serial_bayou_pond_d
Lair:4:   layout_concentric_octagons, kennysheep_snail_temple, uniq_kirke,
          uniq_sonja
Abyss:4:  base: D:15, nicolae_abyss_rune_left_handed

Skill      XL: |  1  2  3  4  5  6  7  8  9 10 11 12 13 |
---------------+----------------------------------------+-----
Fighting       | 1 2 3 4 5 6 7 8 9 |  9.2
Spellcasting   | 2 3 4 5 |  5.0
Dodging        | 2 3 4 6 8 10 11 12 | 12.2
Unarmed Combat | 3 4 5 6 8 9 11 12 13 | 13.2
Transmutations | 2 3 4 5 6 7 9 |  9.4
Armour         | 1 3 |  3.0
Throwing       | 2 3 4 |  4.5
Ice Magic      | 1 3 |  3.0

Action                   |  1- 3 |  4- 6 |  7- 9 | 10-12 | 13-15 || total
-------------------------+-------+-------+-------+-------+-------++-------
Melee: Unarmed           |    93 |   175 |   361 |   987 |   124 ||  1740
       Kick              |    19 |    40 |    59 |    57 |       ||   175
       Headbutt          |    10 |    24 |    27 |    24 |       ||    85
       Punch             |     1 |     6 |    17 |    84 |     4 ||   112
Throw: Dart              |       |     1 |    11 |    16 |       ||    28
       Throwing net      |       |       |       |     1 |     1 ||     2
 Cast: Beastly Appendage |    18 |    36 |    25 |    14 |       ||    93
       Wereblood         |     3 |     4 |    21 |    60 |     5 ||    93
       Ice Form          |       |       |       |     8 |     5 ||    13
  Use: Potion            |     1 |     1 |     4 |     4 |     4 ||    14
       Scroll            |       |     3 |     9 |    12 |     3 ||    27
 Stab: Held in net/web   |       |       |       |     1 |       ||     1
       Petrified         |       |       |       |     3 |       ||     3
       Distracted        |       |       |       |       |     1 ||     1
Armor: Robe              |    36 |     5 |       |       |       ||    41
       Skin              |     1 |    24 |    23 |    17 |    13 ||    78
       Leather armour    |       |    65 |   113 |    42 |       ||   220
       Ring mail         |       |       |       |   217 |    17 ||   234
Dodge: Dodged            |    58 |    99 |   216 |   819 |   126 ||  1318
Block: Other             |       |       |       |    23 |    29 ||    52
